 Dungeon Crawl Stone Soup version 0.30.1-1-g62c8e00024 (webtiles) character file.

Game seed: 11338455314557173310

36 Peloso the Trooper (level 3, 34/34 HPs)
             Began as a Minotaur Fighter on July 14, 2023.
             Got out of the dungeon alive.
             The game lasted 00:01:21 (760 turns).

Peloso the Trooper (Minotaur Fighter)                Turns: 760, Time: 00:01:21

Health: 34/34      AC:  7    Str: 23    XL:     3   Next: 19%
Magic:  2/2        EV:  9    Int:  3    God:
Gold:   21         SH:  5    Dex: 16    Spells: 2/2 levels left

rFire   . . .        a - +0 long sword
rCold   . . .        c - +0 buckler
rNeg    . . .        b - +0 scale mail
rPois   .            (helmet restricted)
rElec   .            (no cloak)
rCorr   .            (no gloves)
SInv    .            (no boots)
Will    .....        f - amulet of the acrobat
Stlth   +            (no ring)
HPRegen 0.25/turn    (no ring)
MPRegen 0.08/turn

%: acrobat
@: no status effects
A: horns 2, retaliatory headbutt, thin skeletal structure 1, agile 1, strong 1
a: no special abilities


You escaped.
You visited 1 branch of the dungeon, and saw 1 of its levels.

You collected 21 gold pieces.

Inventory:

Hand Weapons
 a - a +0 long sword (weapon)
Armour
 b - a +0 scale mail (worn)
 c - a +0 buckler (worn)
Jewellery
 f - an amulet of the acrobat (around neck)
Potions
 d - a potion of might
 e - 2 potions of flight


   Skills:
 + Level 4.4 Fighting
 + Level 3.0 Long Blades
 + Level 3.8 Armour
 + Level 4.0 Shields


You had 2 spell levels left.
You didn't know any spells.
Your spell library was empty.

Dungeon Overview and Level Annotations

Branches:
Dungeon (1/15)

Altars:


Innate Abilities, Weirdness & Mutations

You have a pair of horns on your head.
You reflexively headbutt those who attack you in melee.
You have a somewhat thin skeletal structure. (Dex +2, Stealth+)
You are agile. (Dex +4, Str/Int -1)
Your muscles are strong. (Str +4, Int/Dex -1)


Message History

There are monsters nearby!
There are monsters nearby!
The goblin completely misses you. The ball python misses you.
The ball python closely misses you.
You hit the goblin.
The goblin is moderately wounded.
The goblin hits you with a +0 club. The ball python bites you.
You block the ball python's attack. The goblin hits you but does no damage.
The ball python bites you. The ball python grabs you.
The ball python constricts you.
You slash the goblin!
You kill the goblin!
The ball python barely misses you. The ball python constricts you.
You escape the ball python's grasp.
You block the ball python's attack. The ball python completely misses you.
Things that are here:
a +0 club; a goblin corpse The ball python closely misses you.
You furiously retaliate!
You headbutt the ball python.
You kill the ball python!
You see here a ball python corpse.
You see here a ball python corpse.
Things that are here:
a +0 club; a goblin corpse
g - a glowing pink potion
Found a potion of lignification.
It was a potion of mutation.
You feel extremely strange.
Your bones become slightly less dense.
You feel stronger.
You feel agile.
(D) Dungeon
Where to? (? - help)
What level of the Dungeon? (default 1, ? - help)
You see here a ball python corpse.
You see here a +0 club.
You see here a hobgoblin corpse.
You see here a +0 club.
There is an open door here.
There is an open door here.
There is a staircase leading out of the dungeon here.
Are you sure you want to leave the Dungeon?
This will make you lose the game!
You have escaped!

..........# #( ###
#######.##### ##. #.#####
########..###.###..
#.....###.............##...
#....................##....
#.......#####...........###
#....####...####.....####
#..###.........###'###
#..#......@......'.+
#..###.........###+###
#....####...####.....####
###.....#####...###.....###
###..........##..........
###....###############.
###### ##


There were no monsters in sight!

Vanquished Creatures
  A gnoll (D:1)
  2 dart slugs (D:1)
  3 endoplasms (D:1)
  5 goblins (D:1)
  3 hobgoblins (D:1)
  3 ball pythons (D:1)
  3 bats (D:1)
  A frilled lizard (D:1)
  2 rats (D:1)
23 creatures vanquished.

Notes
Turn   | Place    | Note
-------+----------+-------------------------------------------
     0 | D:1      | Peloso the Minotaur Fighter began the quest for the Orb.
     0 | D:1      | Reached XP level 1. HP: 19/19 MP: 0/0
   438 | D:1      | Reached XP level 2. HP: 24/27 MP: 1/1
   525 | D:1      | Reached XP level 3. HP: 34/34 MP: 2/2
   652 | D:1      | Gained mutation: You have a somewhat thin skeletal
                  | structure. (Dex +2, Stealth+) [potion of mutation]
   652 | D:1      | Gained mutation: Your muscles are strong. (Str +4, Int/Dex
                  | -1) [potion of mutation]
   652 | D:1      | Gained mutation: You are agile. (Dex +4, Str/Int -1)
                  | [potion of mutation]
   760 | D:$      | Got out of the dungeon alive.

Illustrated notes

Levels and vault maps discovered:
D:1:      elethiomel_arrival_infinity_welcomes_careful_drivers, layout_basic

Skill      XL: |  1  2  3 |
---------------+----------+-----
Fighting       | 4 |  4.4
Long Blades    | 3 |  3.0
Shields        | 4 |  4.0
Armour         | |  3.8

Action                     || total
---------------------------++-------
  Melee: Long sword        ||    47
         Headbutt          ||     6
    Use: Potion            ||     3
 Armour: Scale mail        ||    25
  Dodge: Dodged            ||    26
  Block: Buckler           ||     8
